 Dungeon Crawl Stone Soup version 0.16.2-2-g470672f (webtiles) character file.

45 monobi the Ruffian (level 3, -1/29 HPs)
             Began as a Draconian Transmuter on Sept 3, 2015.
             Slain by a quokka (2 damage)
             ... on level 2 of the Dungeon.
             The game lasted 00:03:57 (1158 turns).

monobi the Ruffian (Draconian Transmuter)           Turns: 1158, Time: 00:03:57

Health: -1/29      AC:  6    Str: 13    XL:     3   Next: 42%
Magic:  6/6        EV: 12    Int: 13    God:
Gold:   22         SH:  0    Dex: 11    Spells: 1 memorised, 5 levels left

rFire  . . .     SeeInvis .     h - +0 short sword
rCold  . . .     Clarity  .     (armour unavailable)
rNeg   . . .     SustAb   .     (no shield)
rPois  .         Gourm    .     (helmet restricted)
rElec  .         Spirit   .     (no cloak)
rCorr  .         Warding  .     (no gloves)
rMut   .         Stasis   .     n - +0 pair of boots
MR     .....                    (no amulet)
Stlth  +.........               (no ring)
                                (no ring)

@: lethally poisoned (-1 -> -4), not resistant to hostile enchantments, very
unstealthy
A: unfitting armour, cold-blooded, AC +5
a: no special abilities


You were on level 2 of the Dungeon.
You were not hungry.

You visited 1 branch of the dungeon, and saw 2 of its levels.

You collected 22 gold pieces.

Inventory:

Hand weapons
 f - a +0 club
 g - a cursed -3 whip
 h - a +0 short sword (weapon)
Missiles
 b - 12 arrows
 j - 15 arrows of dispersal
Armour
 n - a +0 pair of boots (worn)
Jewellery
 l - an uncursed ring of wizardry
Scrolls
 i - 2 scrolls of remove curse {unknown}
 k - a scroll of amnesia {unknown}
Potions
 e - a potion of might
Books
 d - a book of Changes

   Spells                             Type                      Level
   a - Beastly Appendage              Transmutation                1
   b - Sticks to Snakes               Transmutation                2
   c - Spider Form                    Transmutation/Poison         3
   d - Ice Form                       Ice/Transmutation            4
   e - Blade Hands                    Transmutation                5
Comestibles
 a - a bread ration
 q - a chunk of flesh


   Skills:
 + Level 1.8 Fighting
 * Level 2.3 Dodging
 - Level 0.2 Stealth
 + Level 3.6 Unarmed Combat
 + Level 2.1 Spellcasting
 * Level 2.0 Transmutations


You had 5 spell levels left.
You knew the following spells:

 Your Spells              Type           Power        Failure   Level  Hunger
a - Beastly Appendage     Trmt           #.....       12%         1    ##.....


Dungeon Overview and Level Annotations

Branches:
Dungeon (2/15)

Altars:


Innate Abilities, Weirdness & Mutations

Your plain brown scales are hard (AC +5).
Your body does not fit into most forms of armour.
Your cold-blooded metabolism reacts poorly to cold.


Message History

It was a potion of cancellation.
Your magical effects are unravelling.
You feel magically purged.
Your resistance to elements expires.
You feel a little less agile now.
You feel a little less clever now.
* * * LOW HITPOINT WARNING * * *
You feel sick. The quokka closely misses you.
The giant mite closely misses you.
Drink which item? (? for menu, Esc to quit)
Okay, then.
Read which item? (? for menu, Esc to quit)
As you read the scroll labeled STEIKI JIAMAOMN, it crumbles to dust.
It is a scroll of identify.
Identify which item? (\ to view known items) (? for menu, Esc to quit)
l - an uncursed ring of wizardry The quokka bites you but does no damage.
The giant mite bites you.
* * * LOW HITPOINT WARNING * * *
The quokka bites you.
You die...

.# ## #.. ####...
...#+###......#
#............#
..##............+
............(...#
.....#...........#
.......s@........#
#..#...r.........#
...........######
...........########
#.................#
.........#.......#
....##+##.......#
... #.#####.#
####.#


You could see a giant mite and a quokka.

Vanquished Creatures
  A giant mite (D:2)
  5 giant cockroaches
  7 goblins
  4 hobgoblins
  2 jackals (D:1)
  4 kobolds (D:1)
  2 ball pythons (D:1)
  5 bats
  A giant gecko (D:2)
  2 giant newts
  5 rats
38 creatures vanquished.

Notes
Turn   | Place    | Note
--------------------------------------------------------------
     0 | D:1      | monobi, the Draconian Transmuter, began the quest for the Orb.
     0 | D:1      | Reached XP level 1. HP: 16/16 MP: 3/3
   157 | D:1      | Reached XP level 2. HP: 17/23 MP: 4/4
   608 | D:1      | Reached XP level 3. HP: 17/28 MP: 6/6
  1158 | D:2      | HP: 1/29 [giant mite (1)]
  1158 | D:2      | Slain by a quokka

Action                   || total
-------------------------++-------
Melee: Unarmed           ||    20
       Club              ||     4
       Short sword       ||   140
 Cast: Beastly Appendage ||     1
  Use: Potion            ||     5
       Scroll            ||     1
  Eat: Meat ration       ||     1
